 Dungeon Crawl Stone Soup version 0.29-a0-322-g68df515428 (webtiles) character file.

Game seed: 4436139380191596513

9952 bande the Cleaver (level 11, -5/64 HPs)
             Began as a Gargoyle Fighter on Apr 10, 2022.
             Was a Believer of Okawaru.
             Splashed by a brown ugly thing's acid (7 damage)
             ... on level 11 of the Dungeon.
             The game lasted 00:24:11 (14193 turns).

bande the Cleaver (Gargoyle Fighter)               Turns: 14193, Time: 00:24:12

Health: -5/64      AC: 12    Str: 23    XL:     11   Next: 54%
Magic:  0/17       EV:  8    Int:  6    God:    Okawaru [**....]
Gold:   643        SH:  7    Dex: 13    Spells: 10/10 levels left

rFire   . . .      SeeInvis .   f - +1 war axe (drain)
rCold   + . .      Faith    .   c - +1 buckler
rNeg    + . .      Spirit   +   t - +0 chain mail
rPois   ∞          Reflect  .   (no helmet)
rElec   +          Harm     .   n - +0 cloak
rCorr   .          Rampage  .   (no gloves)
Will    .....      Rnd*Tele +   (no boots)
Stlth   ..........              p - amulet of guardian spirit
HPRegen 0.20/turn               u - ring of protection from cold
MPRegen 0.15/turn               (no ring)

@: corroded
A: sickness immunity, AC +8, negative energy resistance 1, electricity
resistance, torment resistance 1, petrification resistance, dopey 1, strong 1,
teleportitis 1
a: Renounce Religion, Heroism


You were on level 11 of the Dungeon.
You worshipped Okawaru.
Okawaru was pleased with you.
You visited 2 branches of the dungeon, and saw 12 of its levels.

You collected 643 gold pieces.

Inventory:

Hand Weapons
 f - a +1 war axe of draining (weapon)
 i - a +1 mace of protection
 o - a +1 broad axe
 r - a +0 flail of protection
Armour
 c - a +1 buckler (worn)
 n - a +0 cloak (worn)
 s - a +0 ring mail of cold resistance
 t - a +0 chain mail (worn)
Jewellery
 b - an amulet of regeneration
 l - an amulet of magic regeneration
 p - an amulet of guardian spirit (around neck)
 u - a ring of protection from cold (left hand)
 y - an amulet of faith
Wands
 j - a wand of flame (45)
 v - a wand of acid (13)
 x - a wand of digging (8)
Scrolls
 a - 2 scrolls of fear
 g - 3 scrolls of enchant armour
 k - 3 scrolls of identify
 w - 2 scrolls of teleportation
Potions
 d - 3 potions of might
 e - 2 potions of haste
 h - 3 potions of heal wounds
 m - a potion of curing
 q - a potion of brilliance
 z - a potion of cancellation {unknown}


   Skills:
 + Level 6.2 Fighting
 + Level 9.9 Axes
 + Level 9.5 Armour
 + Level 9.0 Shields
 * Level 8.5 Invocations
 * Level 7.1 Evocations


You had 10 spell levels left.
You didn't know any spells.
Your spell library contained the following spells:

 Spells                   Type           Power      Damage    Failure   Level
 Magic Dart               Conj           0%         1d3       98%         1
 Corpse Rot               Necr/Air       0%         N/A       99%         2
 Poisonous Vapours        Pois/Air       0%         N/A       99%         2
 Gell's Gravitas          Tloc           0%         N/A       100%        3
 Mephitic Cloud           Conj/Pois/Air  0%         N/A       100%        3
 Portal Projectile        Hex/Tloc       0%         N/A       100%        3
 Teleport Other           Tloc           0%         N/A       100%        3
 Leda's Liquefaction      Hex/Erth       0%         N/A       100%        4
 Fireball                 Conj/Fire      0%         3d3       100%        5
 Dispersal                Tloc           0%         N/A       100%        6
 Ignition                 Fire           0%         3d3       100%        8
 Call Imp                 Summ           Unusable   N/A       N/A         2
 Call Canine Familiar     Summ           Unusable   N/A       N/A         3
 Malign Gateway           Summ/Tloc      Unusable   N/A       N/A         7
 Summon Horrible Things   Summ           Unusable   N/A       N/A         8

Dungeon Overview and Level Annotations

Branches:
Dungeon (11/15)            Temple (1/1) D:5            Lair (0/6) D:8
    Orc (0/2) D:9

Altars:
Ashenzari
Cheibriados
Dithmenos
Elyvilon
Fedhas
Gozag
Hepliaklqana
Kikubaaqudgha
Makhleb
Nemelex Xobeh
Okawaru
Qazlal
Ru
Sif Muna
Trog
Uskayaw
Vehumet
Wu Jian
Xom
Yredelemnul
Zin
The Shining One

Shops:
D:2 (=   D:3 :   D:4 *[   D:6 [   D:9 [


Innate Abilities, Weirdness & Mutations

You are immune to sickness and miasma.
Your stone body is resilient. (AC +8)
You are immune to poison.
You resist negative energy. (rN+)
You are resistant to electric shocks. (rElec)
You are resistant to unholy torment.
You are immune to petrification.
You are dopey. (Int -2)
Your muscles are strong. (Str +2)
You are occasionally teleported next to monsters.


Message History

The centaur unwields a +0 shortbow.
The centaur hits you but does no damage.
The centaur kicks you but does no damage.
The brown ugly thing closely misses you.
You hit the centaur but do no damage. You hit the brown ugly thing.
You drain the brown ugly thing.
The centaur hits you but does no damage.
You block the centaur's attack. The centaur barely misses you.
The centaur kicks you. The brown ugly thing kicks you! The acid corrodes you!
You are splashed with acid!
* * * LOW HITPOINT WARNING * * *
You barely miss the centaur. You hit the brown ugly thing.
The centaur hits you but does no damage.
You block the centaur's attack. The brown ugly thing barely misses you.
You hit the centaur. You drain the centaur.
The centaur is heavily wounded.
You barely miss the brown ugly thing. You block the centaur's attack.
The centaur closely misses you.
The centaur hits you but does no damage.
The centaur closely misses you. The brown ugly thing kicks you.
* * * LOW HITPOINT WARNING * * *
You are splashed with acid!
* * * LOW HITPOINT WARNING * * *
You barely miss the centaur.
The centaur is heavily wounded.
You hit the brown ugly thing but do no damage.
You block the centaur's attack.
The centaur kicks you but does no damage.
The brown ugly thing kicks you but does no damage.
You slash the centaur! You drain the centaur.
The centaur is almost dead.
You closely miss the brown ugly thing.
The centaur hits you but does no damage.
The centaur kicks you but does no damage.
The centaur hits you but does no damage.
The centaur kicks you but does no damage.
The brown ugly thing kicks you.
* * * LOW HITPOINT WARNING * * *
You are splashed with acid!
You die...

## ......##.## ...
......... ... #
##.....#. ... #. .......
.## #..##.....#
........# #..##..c#.####
#..##.u@.....###.
#..##............
#.......#.##....
#..##.#.#.# ##
#..##.#.#.#
##########..##.#.#.#####
............##.#.......#
########...............#
################.......#


You could see a brown ugly thing (drained) and a centaur (very drained).

Vanquished Creatures
  A tengu warrior (D:10)
  A swamp dragon (shapeshifter) (D:7)
  Pikel (D:9)
  An ugly thing (D:9)
  Maggie (D:7)
  A black mamba (shapeshifter) (D:9)
  2 hornets
  The ghost of GigaChad the Slasher, an amateur DsCK of Xom (D:7)
  A wyvern (D:10)
  20 yaks
  Grum (D:8)
  2 steam dragons (D:9)
  Edmund (D:6)
  3 acid dragons
  A water moccasin (D:9)
  Duvessa (D:7)
  3 orc warriors
  3 black bears
  3 ice beasts
  2 wolves (D:8)
  3 ogres (D:5)
  2 centaurs
  2 lemures (D:9)
  A phantom (D:4)
  2 bullfrogs (D:9)
  Dowan (D:7)
  3 howler monkeys
  An electric eel (D:10)
  3 hounds
  2 jellies
  7 orc priests
  Crazy Yiuf (D:5)
  8 orc wizards
  An iguana (D:4)
  4 gnolls
  3 adders
  2 white imps
  2 ufetubi
  4 dart slugs
  58 orcs
  8 endoplasms
  5 giant cockroaches
  7 goblins
  3 hobgoblins
  3 jackals
  3 quokkas
  6 ball pythons
  6 bats
  5 frilled lizards
  8 kobolds
  7 rats
221 creatures vanquished.

Vanquished Creatures (others)
  A hound (D:6)
  2 orcs (D:9)
  4 plants (D:9)
7 creatures vanquished.

Grand Total: 228 creatures vanquished

Notes
Turn   | Place    | Note
-------+----------+-------------------------------------------
     0 | D:1      | bande the Gargoyle Fighter began the quest for the Orb.
     0 | D:1      | Reached XP level 1. HP: 14/14 MP: 1/1
   498 | D:1      | Reached XP level 2. HP: 19/19 MP: 2/2
   572 | D:1      | Found a faded altar of an unknown god.
   833 | D:1      | Reached XP level 3. HP: 19/23 MP: 3/3
  1368 | D:2      | Found Ugrael's Jewellery Boutique.
  1894 | D:2      | Found Labol's Antique Weapon Boutique.
  1969 | D:2      | Reached XP level 4. HP: 26/28 MP: 4/4
  2267 | D:3      | You fall into a shaft and drop 2 floors!
  2267 | D:5      | Entered Level 5 of the Dungeon
  2336 | D:4      | Found Asufeduh's Antique Armour Boutique.
  2368 | D:4      | Reached skill level 5 in Axes
  2368 | D:4      | Reached skill level 5 in Invocations
  2368 | D:4      | Reached XP level 5. HP: 10/32 MP: 4/9
  2369 | D:4      | Gained mutation: Your magical capacity is low. (-10% MP)
                  | [potion of mutation]
  2369 | D:4      | Gained mutation: Your large and strong wings let you fly.
                  | [potion of mutation]
  2385 | D:4      | Reached skill level 5 in Evocations
  2385 | D:4      | Reached XP level 6. HP: 2/37 MP: 6/10
  2575 | D:4      | Noticed a black bear
  2593 | D:4      | Killed a black bear
  2594 | D:4      | Reached XP level 7. HP: 30/41 MP: 11/11
  2826 | D:4      | Found Geidekaro's Assorted Antiques.
  2945 | D:3      | Found a shadowy altar of Dithmenos.
  3066 | D:3      | Found Loro Mala's Book Boutique.
  3538 | D:3      | Found a bloodstained altar of Trog.
  5048 | D:4      | Reached XP level 8. HP: 36/48 MP: 8/11
  5286 | D:5      | Found a staircase to the Ecumenical Temple.
  5298 | Temple   | Entered the Ecumenical Temple
  5904 | D:5      | Found a runed translucent door.
  5905 | D:5      | Noticed Crazy Yiuf
  5910 | D:5      | Killed Crazy Yiuf
  6402 | D:6      | Found Kyxutics's Antique Armour Emporium.
  6464 | D:6      | Noticed Edmund
  6483 | D:6      | Killed Edmund
  7203 | D:7      | Reached XP level 9. HP: 52/52 MP: 12/12
  7339 | D:7      | Noticed Dowan
  7342 | D:7      | Noticed Duvessa
  7348 | D:7      | Killed Duvessa
  7349 | D:7      | Killed Dowan
  7513 | D:7      | Noticed Maggie
  7537 | D:7      | Killed Maggie
  7734 | D:7      | Found a runed translucent door.
  7736 | D:7      | Noticed GigaChad's ghost (amateur DsCK)
  7740 | D:7      | Noticed a wind drake
  8072 | D:7      | Noticed an orb spider
  8072 | D:7      | a slime creature changed into an orb spider
  8080 | D:7      | Killed GigaChad's ghost
  8096 | D:7      | Noticed a swamp dragon
  8096 | D:7      | an orb spider changed into a swamp dragon
  8105 | D:7      | Killed a swamp dragon
  8573 | D:8      | Reached XP level 10. HP: 31/58 MP: 8/13
  8804 | D:8      | Got the Papyrus of the Serpent
  8832 | D:8      | Noticed Grum
  8852 | D:8      | Killed Grum
  9263 | D:8      | Found a staircase to the Lair.
  9305 | D:8      | Reached skill level 5 in Fighting
  9848 | D:8      | Found a stormy altar of Qazlal.
  9919 | D:8      | Found an iron altar of Okawaru.
  9923 | D:8      | Became a worshipper of Warmaster Okawaru
 10450 | D:9      | Noticed a cane toad
 10450 | D:9      | a basilisk changed into a cane toad
 10453 | D:9      | a cane toad changed into a hornet
 10456 | D:9      | Noticed a black mamba
 10456 | D:9      | a hornet changed into a black mamba
 10463 | D:9      | Killed a black mamba
 10543 | D:9      | Noticed Pikel
 10570 | D:9      | Killed Pikel
 10684 | D:9      | Reached * piety under Okawaru
 11211 | D:9      | Found a staircase to the Orcish Mines.
 11463 | D:9      | Reached XP level 11. HP: 57/64 MP: 12/15
 11504 | D:9      | Found a white marble altar of Elyvilon.
 11998 | D:9      | Found Ulet's Armour Boutique.
 12290 | D:9      | Found a hazy altar of Hepliaklqana.
 12314 | D:9      | Found a blossoming altar of Fedhas.
 12528 | D:10     | Entered Level 10 of the Dungeon
 12539 | D:10     | Noticed a green ugly thing
 12568 | D:9      | Killed a green ugly thing
 12982 | D:10     | Reached ** piety under Okawaru
 13135 | D:10     | Lost mutation: Your large and strong wings let you fly.
                  | [potion of mutation]
 13135 | D:10     | Lost mutation: Your magical capacity is low. (-10% MP)
                  | [potion of mutation]
 13135 | D:10     | Gained mutation: You are dopey. (Int -2) [potion of
                  | mutation]
 13135 | D:10     | Gained mutation: You are occasionally teleported next to
                  | monsters. [potion of mutation]
 13135 | D:10     | Gained mutation: Your muscles are strong. (Str +2) [potion
                  | of mutation]
 13227 | D:10     | Noticed a tengu warrior
 13248 | D:10     | Killed a tengu warrior
 13687 | D:10     | Found a hide-covered altar of Uskayaw.
 13688 | D:10     | Noticed a +0 dagger
 13689 | D:10     | Noticed a +0 hand axe
 14178 | D:11     | Noticed a brown ugly thing
 14193 | D:11     | HP: 2/64 [brown ugly thing (5)]
 14193 | D:11     | Splashed by a brown ugly thing's acid

Illustrated notes

Levels and vault maps discovered:
D:1:      sevenhm_arrival_forest_fort_small_5, layout_basic,
          chequers_ecumenical_altar_island
D:2:      layout_loops_ring, serial_shops, nicolae_square_shop,
          nicolae_diamond_shop, st_stairs_4, kennysheep_generic_room_2
D:3:      layout_rooms, lemuel_round_altar, nicolae_overflow_crystal_walls,
          serial_shops, shop
D:4:      layout_rooms, serial_shops, nicolae_shop_trees, shop,
          minmay_misc_feat_tower
D:5:      layout_gridville, temple_hall, uniq_crazy_yiuf_cottage
D:6:      layout_basic, serial_shops, shop, lemuel_flamethrower_1, uniq_edmund
D:7:      layout_loops_ring, ebering_ghost_inner_flame, uniq_maggie,
          uniq_duvessa
D:8:      layout_basic, lemuel_crystal_altar, nicolae_qazlal_style_of_elements,
          lair_entry_dummy, nicolae_ossuary_entry_false_entrances,
          bh_walls_and_bars, uniq_grum
D:9:      layout_basic, kennysheep_mini, nicolae_hepliaklqana_hazy_memory,
          elyvilon_altar_5, hiddenorc2_lemuel, serial_shops,
          nicolae_shop_statue_plus, uniq_pikel
D:10:     layout_roguey, dancing_weapons_uskayaw, kennysheep_donut,
          chequers_serial_rivers_large_a
D:11:     layout_basic, kennysheep_generic_room_12
Temple:   eino_temple_lava

Skill      XL: |  1  2  3  4  5  6  7  8  9 10 11 |
---------------+----------------------------------+-----
Axes           | 2 5 6 7 8 9 |  9.9
Armour         | 4 6 8 9 |  9.5
Shields        | 6 8 9 |  9.0
Invocations    | 5 7 8 |  8.5
Evocations     | 4 5 6 7 |  7.1
Fighting       | 4 5 6 |  6.2

Action                   |  1- 3 |  4- 6 |  7- 9 | 10-12 || total
-------------------------+-------+-------+-------+-------++-------
Melee: War axe           |   123 |    57 |   298 |   367 ||   845
  Use: Scroll            |     5 |       |    11 |     2 ||    18
       Potion            |       |     5 |       |     2 ||     7
Armor: Scale mail        |    79 |    37 |   155 |   115 ||   386
       Chain mail        |       |       |       |   113 ||   113
Dodge: Dodged            |    75 |    40 |   117 |   154 ||   386
Block: Buckler           |    38 |    20 |    97 |   147 ||   302

Table legend: (Time is in decaauts)
 A = Elapsed time spent in this place.
 B = Non-inter-level travel time spent in this place.
 C = Inter-level travel time spent in this place.
 D = Time resting spent in this place.
 E = Time spent auto-exploring this place.
 F = Levels seen in this place.
 G = Mean time per level.
                   A        B        C        D        E       F      G
               +--------+--------+--------+--------+--------+-----+--------+
         Total |  14365 |  14131 |    234 |   3999 |   7737 |  12 | 1197.1 |
       Dungeon |  14309 |  14075 |    234 |   3999 |   7737 |  11 | 1300.8 |
        Temple |     55 |     55 |      0 |      0 |      0 |   1 |   55.0 |
               +--------+--------+--------+--------+--------+-----+--------+

Top non-repeatable levels by time:
     D:9: 2249 daAuts
     D:8: 2205 daAuts
     D:4: 1554 daAuts
     D:5: 1382 daAuts
     D:1: 1361 daAuts
     D:2: 1352 daAuts
     D:7: 1255 daAuts
    D:10: 1239 daAuts
     D:6: 998 daAuts
     D:3: 572 daAuts
    D:11: 138 daAuts
  Temple: 55 daAuts
